 Dungeon Crawl Stone Soup version 0.31.0-32-g396128a36d (webtiles) character file.

Game seed: 6594408963217088666

3544 aheadsoundss the Mimic (level 9, -1/75 HPs)
             Began as a Troll Shapeshifter on Apr 5, 2024.
             Slain by a killer bee (3 damage)
             ... on level 8 of the Dungeon on Apr 8, 2024.
             The game lasted 00:15:43 (5913 turns).

aheadsoundss the Mimic (Troll Shapeshifter)         Turns: 5913, Time: 00:15:44

Health: -1/75      AC:  5    Str: 28    XL:     9   Next: 82%
Magic:  8/8        EV: 14    Int:  9    God:
Gold:   556        SH:  0    Dex:  9    Spells: 8/8 levels left

rFire   + +          +
                       - Unarmed
rCold   . . .        (no shield)
rNeg    . . .        A - +1 robe of Piuckuestru {rElec rF+++ Regen+ Int-3}
rPois   .            (helmet currently unavailable)
rElec   +            (cloak currently unavailable)
rCorr   .            (gloves unavailable)
SInv    .            (boots unavailable)
Will    +....        N - amulet of magic regeneration
Stlth   +            x - +5 ring of evasion
HPRegen 1.92/turn    O - +6 ring of intelligence
MPRegen 0.51/turn

%: no passive effects
@: lethally poisoned (-1 -> -2), beast-form, enlightened, flying
A: beast (slay +4), large, unfitting armour, claws 3, regeneration 1, shaggy fur
1, tough skin 1
a: Begin Untransformation


You were on level 8 of the Dungeon.
You were a hulking beast.
You visited 2 branches of the dungeon, and saw 10 of its levels.

You collected 582 gold pieces.
You spent 26 gold pieces at shops.

Inventory:

Hand Weapons
 Q - a +0 club
Missiles
 g - 44 stones (quivered)
 h - 6 javelins
 k - a throwing net
 p - 9 poisoned darts
 F - 10 boomerangs
Armour
 a - a +0 animal skin
 A - the +1 robe of Piuckuestru (worn) {rElec rF+++ Regen+ Int-3}
   (You found it on level 5 of the Dungeon)

   Int-3:     It affects your intelligence (-3).
   rF+++:     It renders you almost immune to fire.
   rElec:     It insulates you from electricity.
   Regen+:    It increases your rate of health regeneration.
 M - +1 steam dragon scales
 P - a +0 cloak
Jewellery
 x - a +5 ring of evasion (left claw)
 y - a ring of fire
 N - an amulet of magic regeneration (around neck)
 O - a +6 ring of intelligence (right claw)
Talismans
 c - a beast talisman (active)
 d - a flux talisman
Wands
 D - a wand of digging (3)
 H - a wand of paralysis (22)
 R - a wand of polymorph (9)
Scrolls
 f - 2 scrolls of enchant weapon
 i - 2 scrolls of fog
 j - 2 scrolls of teleportation
 l - a scroll of fear
 n - a scroll of noise
 o - 2 scrolls of enchant armour
 r - a scroll of silence
 s - a scroll of revelation {unknown}
 u - a scroll of torment
 v - a scroll of blinking {unknown}
 w - a scroll of butterflies
 z - 3 scrolls of amnesia
 C - a scroll of acquirement {unknown}
 G - a scroll of vulnerability {unknown}
 J - a scroll of immolation {unknown}
Potions
 b - 2 potions of lignification
 e - a potion of curing {unknown}
 m - 2 potions of might
 q - 2 potions of brilliance
 B - a potion of haste {unknown}
 E - a potion of degeneration {unknown}
 I - a potion of enlightenment
 K - a potion of mutation {unknown}
 L - a potion of magic {unknown}


   Skills:
 - Level 0.7 Fighting
 - Level 1.5 Dodging
 - Level 3.0 Unarmed Combat
 + Level 13.2 Shapeshifting


You had 8 spell levels left.
You didn't know any spells.
Your spell library contained the following spells:

 Spells                   Type           Power      Damage    Failure   Level
 Kiss of Death            Conj/Necr      0%         2d5       38%         1
 Necrotise                Necr           0%         1d4       38%         1
 Call Canine Familiar     Summ           0%         N/A       77%         3
 Confusing Touch          Hex            0%         N/A       77%         3
 Sigil of Binding         Hex            0%         N/A       77%         3
 Vampiric Draining        Necr           0%         2d6       77%         3
 Dimensional Bullseye     Hex/Tloc       0%         N/A       99%         4
 Dispel Undead            Necr           0%         3d6       99%         4
 Martyr's Knell           Necr/Summ      0%         N/A       99%         4
 Curse of Agony           Necr           0%         N/A       100%        5


Dungeon Overview and Level Annotations

Branches:
Dungeon (9/15)             Temple (1/1) D:6
   Lair: D:8-11         Orc: D:9-12

Altars:
Ashenzari
Cheibriados
Dithmenos
Elyvilon
Fedhas
Hepliaklqana
Kikubaaqudgha
Makhleb
Okawaru
Ru
Sif Muna
Trog
Uskayaw
Vehumet
Wu Jian
Xom
Yredelemnul
Zin

Shops:
D:5 =   D:6 [   D:8 ?


Innate Abilities, Weirdness & Mutations

You are a hulking beast.
Your limbs bulge with bestial killing power. (Slay +4)
You are too large for most types of armour.
You have claws for hands.
Your natural rate of healing is unusually fast.
You are covered in fur. (AC +1)
You have tough skin. (AC +1)


Message History

You kill the killer bee!
You feel very sick. The killer bee barely misses you.
The killer bee stings you.
You are more poisoned.
The killer bee poisons you!
Unknown command.
You scratch the killer bee.
The killer bee is moderately wounded.
You feel very sick. The killer bee closely misses you.
The killer bee completely misses you.
You closely miss the killer bee.
The killer bee is moderately wounded.
You feel very sick. The killer bee stings you.
* * * LOW HITPOINT WARNING * * *
The killer bee closely misses you.
You barely miss the killer bee.
The killer bee is moderately wounded.
You feel sick. The killer bee barely misses you.
You miss the killer bee.
The killer bee is moderately wounded.
You feel sick. The killer bee stings you.
* * * LOW HITPOINT WARNING * * *
The killer bee misses you.
You scratch the killer bee.
The killer bee is heavily wounded.
You feel sick. The killer bee closely misses you. The killer bee stings you.
* * * LOW HITPOINT WARNING * * *
Okay, then.
It was a potion of enlightenment.
You feel very buoyant.
You fly up into the air.
You feel sick.
The killer bee stings you but does no damage.
The killer bee closely misses you.
You barely miss the killer bee.
The killer bee is heavily wounded.
You feel sick. The killer bee stings you!
* * * LOW HITPOINT WARNING * * *
The killer bee stings you.
You die...

#..### #..#
#.## #.##
#..## .....##
##...##
.....#
###.....#
.....#
###y......#
#....#
#..h.......#
##...#
#..##.......#
#....# ##..#
#........#
##...####..#
##.......#
Y....##...#
#........#
#####...# ###
##.......#
##..####..##
##......#
##.#......##
#...
#.........##


You could see a killer bee.

Vanquished Creatures
  Pikel (D:4)
  Maggie (D:7)
  2 yaks
  Eustachio (D:6)
  Menkaure (D:7)
  An acid dragon (D:7)
  Duvessa (D:5)
  An ice beast (D:5)
  An orc warrior (D:7)
  A black bear (D:6)
  A centaur (D:8)
  An ogre (D:4)
  A lemure (D:4)
  A phantom (D:5)
  2 bullfrogs
  3 scorpions
  Dowan (D:5)
  5 killer bees
  2 howler monkeys
  A bombardier beetle (D:7)
  2 jellies
  4 hounds
  3 orc priests
  Crazy Yiuf (D:7)
  A gnoll bouda (D:7)
  3 sleepcaps
  Jessica (D:3)
  An iguana (D:5)
  3 orc wizards
  8 gnolls
  12 adders
  3 shadow imps
  2 ufetubi (D:6)
  4 dart slugs
  A ribbon worm (D:3)
  24 orcs
  3 ball pythons
  9 bats
  7 endoplasms
  3 giant cockroaches (D:1)
  3 goblins
  7 hobgoblins
  6 jackals (D:1)
  4 kobolds
  4 quokkas
  2 training dummies (D:5)
  4 frilled lizards
  10 rats
164 creatures vanquished.

Notes
Turn   | Place    | Note
-------+----------+-------------------------------------------
     0 | D:1      | aheadsoundss the Troll Shapeshifter began the quest for the
                  | Orb.
     0 | D:1      | Reached XP level 1. HP: 18/18 MP: 0/0
    69 | D:1      | Reached XP level 2. HP: 26/26 MP: 1/1
   179 | D:1      | Reached skill level 4 in Shapeshifting
   241 | D:1      | Reached XP level 3. HP: 32/32 MP: 2/2
  1285 | D:2      | Reached XP level 4. HP: 40/40 MP: 3/3
  1552 | D:3      | Reached skill level 5 in Shapeshifting
  1589 | D:3      | Noticed Jessica
  1592 | D:3      | Killed Jessica
  1680 | D:3      | Reached XP level 5. HP: 46/46 MP: 4/4
  1826 | D:3      | Found a glowing silver altar of Zin.
  2013 | D:4      | Reached skill level 6 in Shapeshifting
  2065 | D:4      | Noticed a lemure
  2079 | D:4      | Killed a lemure
  2089 | D:4      | Noticed Pikel
  2089 | D:4      | Noticed a lemure
  2089 | D:4      | Noticed a lemure
  2093 | D:4      | Noticed a lemure
  2103 | D:4      | Killed Pikel
  2104 | D:4      | Reached skill level 8 in Shapeshifting
  2104 | D:4      | Reached XP level 6. HP: 23/54 MP: 5/5
  2104 | D:4      | Reached XP level 7. HP: 26/61 MP: 6/6
  2319 | D:4      | You fall into a shaft and drop 1 floor!
  2319 | D:5      | Entered Level 5 of the Dungeon
  2350 | D:5      | Found Giju's Jewellery Emporium.
  2431 | D:5      | Identified the +1 robe of Piuckuestru {rElec rF+++ Regen+
                  | Int-3}
  2616 | D:5      | Reached skill level 9 in Shapeshifting
  2619 | D:5      | Reached XP level 8. HP: 65/68 MP: 7/7
  2787 | D:4      | Found a blossoming altar of Fedhas.
  3116 | D:5      | Noticed Dowan
  3119 | D:5      | Noticed Duvessa
  3122 | D:5      | Killed Dowan
  3130 | D:5      | Killed Duvessa
  3131 | D:5      | Reached skill level 10 in Shapeshifting
  3383 | D:6      | Noticed Eustachio
  3391 | D:6      | Killed Eustachio
  3613 | D:6      | Reached skill level 11 in Shapeshifting
  3734 | D:6      | Found a staircase to the Ecumenical Temple.
  3744 | Temple   | Entered the Ecumenical Temple
  3932 | D:6      | Reached XP level 9. HP: 64/75 MP: 8/8
  3984 | D:6      | Found Juonig's Antique Armour Shoppe.
  4594 | D:7      | Found a bloodstained altar of Trog.
  4594 | D:7      | Found a shimmering altar of Xom.
  4700 | D:7      | Noticed Menkaure
  4834 | D:7      | Killed Menkaure
  4948 | D:7      | Noticed Maggie
  4963 | D:7      | Killed Maggie
  4964 | D:7      | Reached skill level 12 in Shapeshifting
  5061 | D:7      | Found an ancient bone altar of Kikubaaqudgha.
  5278 | D:7      | Found a runed translucent door.
  5279 | D:7      | Noticed Crazy Yiuf
  5285 | D:7      | Killed Crazy Yiuf
  5651 | D:8      | Found Notoefi's Magic Scroll Boutique.
  5663 | D:8      | Bought a scroll of identify for 26 gold pieces
  5697 | D:8      | Reached skill level 13 in Shapeshifting
  5736 | D:8      | HP: 3/75 [poisoned by a killer bee]
  5896 | D:9      | Noticed a troll
  5913 | D:8      | HP: 2/75 [killer bee (8)]
  5913 | D:8      | Slain by a killer bee

Illustrated notes

Levels and vault maps discovered:
D:1:      amcnicky_arrival_gap_in_the_tavern_cellar, layout_basic,
          minmay_misc_feat_more_columns
D:2:      layout_loops_ring, nicolae_hexahallways, minmay_misc_feat_room
D:3:      layout_rooms, zin_treasury, nicolae_twisty_statue_hallways,
          uniq_jessica
D:4:      layout_basic, fedhas_altar_4, uniq_pikel
D:5:      dreamdust_elfheim, layout_gridville, nicolae_stop_n_shop_2,
          nicolae_half_adder
D:6:      layout_basic, minmay_temple_entry_ruins, serial_shops,
          nicolae_shop_overgrown_old_shop, uniq_eustachio
D:7:      layout_loops_ring, pf_just_have_faith,
          gammafunk_temple_overflow_elements, uniq_maggie, uniq_menkaure,
          uniq_crazy_yiuf_cottage
D:8:      layout_cave_pods, nicolae_overflow_two_pavilions,
          nemelex_diamond_rough_becter, serial_shops, shop, uniq_erica
D:9:      layout_basic, nicolae_overflow_crystal_walls, erik_lair_island,
          uniq_psyche
Temple:   dshaligram_water_room_temple

Skill      XL: |  1  2  3  4  5  6  7  8  9 |
---------------+----------------------------+-----
Shapeshifting  | 4 5 8 9 11 13 | 13.2
Fighting       | |  0.7
Dodging        | |  1.5
Unarmed Combat | |  3.0

Action                     |  1- 3 |  4- 6 |  7- 9 || total
---------------------------+-------+-------+-------++-------
  Melee: Unarmed           |   107 |    95 |   293 ||   495
         Punch             |       |       |     8 ||     8
  Throw: Stone             |     3 |     2 |    20 ||    25
         Javelin           |       |     2 |     2 ||     4
         Dart              |       |       |     3 ||     3
         Boomerang         |       |       |     2 ||     2
  Evoke: Wand              |       |       |     2 ||     2
    Use: Scroll            |       |       |    12 ||    12
         Potion            |       |       |     4 ||     4
   Stab: Sleeping          |     1 |       |       ||     1
         Paralysed         |       |       |     1 ||     1
 Armour: Animal skin       |    87 |    51 |    10 ||   148
         Robe              |       |       |   221 ||   221
  Dodge: Dodged            |    63 |    47 |   250 ||   360
   Form: Beast             |     1 |       |       ||     1
